3L
PHILADELPHIA 1776 BC @ CAPITAL DISTRICT RED KNIGHTS
09/01/2028
 
TOP OF THE 1ST
Philadelphia 1776 BC batting - Pitching for Capital District Red Knights : LHP Myles Wilkerson
Pitching: LHP Myles Wilkerson
Batting: RHB Jesús Orozco 0-0: Ball
1-0: Ball
2-0: Called Strike
2-1: Ground out 5-3 (Groundball, 56S)
Batting: RHB John Schnatter 0-0: Ball
1-0: Ball
2-0: Fly out, F3 (Popup, 3L)
Batting: LHB Manoo Satyavrat 0-0: Called Strike
0-1: Ball
1-1: Foul Ball, location: 2F
1-2: Ground out U3 (Groundball, 3)
Top of the 1st over - 0 run(s), 0 hit(s), 0 error(s), 0 left on base; Philadelphia 1776 0 - Capital District 0
BOTTOM OF THE 1ST
Capital District Red Knights batting - Pitching for Philadelphia 1776 BC : RHP Elroy Thompkins
Pitching: RHP Elroy Thompkins
Batting: RHB Sergio Ortíz 0-0: Ball
1-0: Ground out 4-3 (Groundball, 34)
Batting: LHB Francisco Sánchez 0-0: Ball
1-0: Ball
2-0: Ball
3-0: Base on Balls
Batting: RHB Arnold Giroux 0-0: Ball
1-0: Fly out, F7 (Flyball, 7S)
Batting: RHB Pedro Álvarez 0-0: Called Strike
0-1: Ball
1-1: Foul Ball, location: 2F
1-2: Ball
2-2: Foul Ball, location: 2F
2-2: Ball
3-2: Foul Ball, location: 2F
3-2: Foul Ball, location: 2F
3-2: Ground out 6-3 (Groundball, 6)
Bottom of the 1st over - 0 run(s), 0 hit(s), 0 error(s), 1 left on base; Philadelphia 1776 0 - Capital District 0
TOP OF THE 2ND
Philadelphia 1776 BC batting - Pitching for Capital District Red Knights : LHP Myles Wilkerson
Batting: RHB Fernando Rivera 0-0: Ball
1-0: Foul Ball, location: 2F
1-1: SINGLE (Flyball, 78S)
Batting: SHB Sam Quint 0-0: Foul Ball, location: 2F
0-1: Swinging Strike
0-2: Ball
1-2: Ball
2-2: Strikes out swinging
Batting: LHB Cliff Aldridge 0-0: Foul Ball, location: 2F
0-1: Ball
1-1: Ball
2-1: Ball
3-1: Called Strike
3-2: Foul Ball, location: 2F
3-2: Grounds out, U3 (Groundball, 3L)
Batting: SHB Jesús Cabañe 0-0: Called Strike
0-1: Foul Ball, location: 2F
0-2: Foul Ball, location: 2F
0-2: Ball
1-2: TRIPLE (Flyball, 89XD)
Fernando Rivera scores
Batting: RHB Patrizio Vanali 0-0: Ball
1-0: Foul Ball, location: 2F
1-1: Foul Ball, location: 2F
1-2: Strikes out swinging
Top of the 2nd over - 1 run(s), 2 hit(s), 0 error(s), 1 left on base; Philadelphia 1776 1 - Capital District 0
BOTTOM OF THE 2ND
Capital District Red Knights batting - Pitching for Philadelphia 1776 BC : RHP Elroy Thompkins
Batting: RHB José Paz 0-0: Swinging Strike
0-1: Ground out 6-3 (Groundball, 6)
Batting: RHB Alfonso Enríquez 0-0: DOUBLE (Line Drive, 7LS)
Batting: RHB Danilo Mosca 0-0: Ball
1-0: Foul Ball, location: 2F
1-1: Called Strike
1-2: Ball
2-2: DOUBLE (Groundball, 5L)
Alfonso Enríquez scores
Batting: LHB Marcos Deleón 0-0: Called Strike
0-1: Ball
1-1: Ball
2-1: Ball
3-1: Base on Balls
Batting: RHB Leo Cadden 0-0: Ball
1-0: Called Strike
Danilo Mosca is caught stealing 3rd base
Marcos Deleón to second
1-1: Foul Ball, location: 2F
1-2: Ball
2-2: Strikes out swinging
Bottom of the 2nd over - 1 run(s), 2 hit(s), 0 error(s), 1 left on base; Philadelphia 1776 1 - Capital District 1
TOP OF THE 3RD
Philadelphia 1776 BC batting - Pitching for Capital District Red Knights : LHP Myles Wilkerson
Batting: LHB Tony Vega 0-0: Ball
1-0: Called Strike
1-1: Swinging Strike
1-2: Ground out 6-3 (Groundball, 6M)
Batting: RHB Jesús Orozco 0-0: Ball
1-0: Ball
2-0: Foul Ball, location: 2F
2-1: SOLO HOME RUN (Flyball, 9D), Distance : 352 ft
Batting: RHB John Schnatter 0-0: Ball
1-0: Ball
2-0: Fly out, F4 (Popup, 4D)
Batting: LHB Manoo Satyavrat 0-0: Called Strike
0-1: Ball
1-1: Ball
2-1: Called Strike
2-2: Foul Ball, location: 2F
2-2: Ball
3-2: Strikes out swinging
Top of the 3rd over - 1 run(s), 1 hit(s), 0 error(s), 0 left on base; Philadelphia 1776 2 - Capital District 1
BOTTOM OF THE 3RD
Capital District Red Knights batting - Pitching for Philadelphia 1776 BC : RHP Elroy Thompkins
Batting: RHB Sergio Ortíz 0-0: Ground out 5-3 (Groundball, 56S)
Batting: LHB Francisco Sánchez 0-0: Foul Ball, location: 2F
0-1: SINGLE (Flyball, 9S)
Batting: RHB Arnold Giroux 0-0: Ball
1-0: Ball
2-0: Ball
3-0: Called Strike
3-1: Called Strike
3-2: Fly out, F8 (Line Drive, 8RD)
Batting: RHB Pedro Álvarez 0-0: Called Strike
0-1: Ball
1-1: Swinging Strike
1-2: Strikes out swinging
Bottom of the 3rd over - 0 run(s), 1 hit(s), 0 error(s), 1 left on base; Philadelphia 1776 2 - Capital District 1
TOP OF THE 4TH
Philadelphia 1776 BC batting - Pitching for Capital District Red Knights : LHP Myles Wilkerson
Batting: RHB Fernando Rivera 0-0: Ball
1-0: Called Strike
1-1: Fly out, F5 (Flyball, 5DF)
Batting: SHB Sam Quint 0-0: Foul Ball, location: 2F
0-1: Called Strike
0-2: Foul Ball, location: 2F
0-2: Ball
1-2: Ground out 5-3 (Groundball, 56S)
Batting: LHB Cliff Aldridge 0-0: Ball
1-0: Ball
2-0: Called Strike
2-1: Foul Ball, location: 2F
2-2: Foul Ball, location: 2F
2-2: Strikes out swinging
Top of the 4th over - 0 run(s), 0 hit(s), 0 error(s), 0 left on base; Philadelphia 1776 2 - Capital District 1
BOTTOM OF THE 4TH
Capital District Red Knights batting - Pitching for Philadelphia 1776 BC : RHP Elroy Thompkins
Batting: RHB José Paz 0-0: Called Strike
0-1: Foul Ball, location: 2F
0-2: Strikes out looking
Batting: RHB Alfonso Enríquez 0-0: Called Strike
0-1: Called Strike
0-2: Ball
1-2: Ball
2-2: Foul Ball, location: 2F
2-2: Foul Ball, location: 2F
2-2: Strikes out looking
Batting: RHB Danilo Mosca 0-0: Ball
1-0: Called Strike
1-1: Ball
2-1: Foul Ball, location: 2F
2-2: Foul Ball, location: 2F
2-2: SINGLE (Line Drive, 8LS)
Batting: LHB Marcos Deleón 0-0: Ball
1-0: Called Strike
1-1: Ball
2-1: Fly out, F5 (Popup, 56S)
Bottom of the 4th over - 0 run(s), 1 hit(s), 0 error(s), 1 left on base; Philadelphia 1776 2 - Capital District 1
TOP OF THE 5TH
Philadelphia 1776 BC batting - Pitching for Capital District Red Knights : LHP Myles Wilkerson
Batting: SHB Jesús Cabañe 0-0: Ball
1-0: Called Strike
1-1: Fly out, F8 (Flyball, 8LD)
Batting: RHB Patrizio Vanali 0-0: Swinging Strike
0-1: Called Strike
0-2: Foul Ball, location: 2F
0-2: Ball
1-2: Strikes out swinging
Batting: LHB Tony Vega 0-0: Ball
1-0: Foul Ball, location: 2F
1-1: Ground out U3 (Groundball, 34)
Top of the 5th over - 0 run(s), 0 hit(s), 0 error(s), 0 left on base; Philadelphia 1776 2 - Capital District 1
BOTTOM OF THE 5TH
Capital District Red Knights batting - Pitching for Philadelphia 1776 BC : RHP Elroy Thompkins
Batting: RHB Leo Cadden 0-0: DOUBLE (Flyball, 7)
Batting: RHB Sergio Ortíz 0-0: Foul Ball, location: 2F
0-1: Ball
1-1: Fly out, F6 (Popup, 6)
Batting: LHB Francisco Sánchez 0-0: Ball
1-0: Ball
Leo Cadden steals 3rd base
2-0: Ball
3-0: Base on Balls
Batting: RHB Arnold Giroux 0-0: Foul Ball, location: 2F
0-1: Swinging Strike
0-2: Ball
1-2: Fly out, F7 (Flyball, 7S)
Batting: RHB Pedro Álvarez 0-0: Ball
1-0: Called Strike
1-1: Foul Ball, location: 2F
1-2: Foul Ball, location: 2F
1-2: DOUBLE (Line Drive, 89XD)
Leo Cadden scores
Francisco Sánchez to third
Runner from 3rd tries for Home, SAFE, no throw
Batting: RHB José Paz 0-0: Called Strike
0-1: Fly out, F3 (Flyball, 34D)
Bottom of the 5th over - 2 run(s), 2 hit(s), 0 error(s), 1 left on base; Philadelphia 1776 2 - Capital District 3
TOP OF THE 6TH
Philadelphia 1776 BC batting - Pitching for Capital District Red Knights : LHP Myles Wilkerson
Batting: RHB Jesús Orozco 0-0: Ground out 4-3 (Groundball, 4)
Batting: RHB John Schnatter 0-0: Called Strike
0-1: Ground out 5-3 (Groundball, 56)
Batting: LHB Manoo Satyavrat 0-0: Called Strike
0-1: SINGLE (Flyball, 7S)
Batting: RHB Fernando Rivera 0-0: 2-RUN HOME RUN (Flyball, 8LXD), Distance : 430 ft
Batting: SHB Sam Quint 0-0: Foul Ball, location: 2F
0-1: SINGLE (Groundball, 4MD)
Batting: LHB Cliff Aldridge 0-0: Fly out, F9 (Flyball, 9)
Top of the 6th over - 2 run(s), 3 hit(s), 0 error(s), 1 left on base; Philadelphia 1776 4 - Capital District 3
BOTTOM OF THE 6TH
Capital District Red Knights batting - Pitching for Philadelphia 1776 BC : RHP Elroy Thompkins
Batting: RHB Alfonso Enríquez 0-0: Called Strike
0-1: Ball
1-1: SINGLE (Flyball, 8RS)
Batting: RHB Danilo Mosca 0-0: Swinging Strike
0-1: Ball
1-1: SINGLE (Groundball, 6D)
Alfonso Enríquez to second
Batting: LHB Marcos Deleón 0-0: Ball
1-0: Bunted foul
1-1: Sac Bunt - play at first, batter OUT! 1-4
Alfonso Enríquez to third
Danilo Mosca to second
Batting: RHB Leo Cadden 0-0: Called Strike
0-1: SINGLE (Groundball, 6) (infield hit)
Alfonso Enríquez scores
Danilo Mosca to third
Batting: RHB Sergio Ortíz 0-0: Called Strike
0-1: Foul Ball, location: 2F
0-2: Ball
1-2: Ball
2-2: Strikes out swinging
Leo Cadden is caught stealing 2nd base
Batter strikes out.
Bottom of the 6th over - 1 run(s), 3 hit(s), 0 error(s), 1 left on base; Philadelphia 1776 4 - Capital District 4
TOP OF THE 7TH
Philadelphia 1776 BC batting - Pitching for Capital District Red Knights : LHP Myles Wilkerson
Batting: SHB Jesús Cabañe 0-0: Ball
1-0: Ground out 6-3 (Groundball, 6)
Batting: RHB Patrizio Vanali 0-0: Ball
1-0: SINGLE (Flyball, 9LS)
Pinch Hitting: RHB Russell Jackson 0-0: Called Strike
0-1: Swinging Strike
0-2: Ball
1-2: Fly out, F9 (Flyball, 9LSF)
Batting: RHB Jesús Orozco 0-0: Ball
1-0: Called Strike
1-1: Ground out 3-1 (Groundball, 34S)
Top of the 7th over - 0 run(s), 1 hit(s), 0 error(s), 1 left on base; Philadelphia 1776 4 - Capital District 4
BOTTOM OF THE 7TH
Capital District Red Knights batting - Pitching for Philadelphia 1776 BC : RHP Elroy Thompkins
Now in LF: Keith MacKey
Batting: LHB Francisco Sánchez 0-0: Called Strike
0-1: Ball
1-1: Ground out U3 (Groundball, 34S)
Batting: RHB Arnold Giroux 0-0: SINGLE (Groundball, 15S) (infield hit)
Batting: RHB Pedro Álvarez 0-0: Ball
1-0: Ball
2-0: Called Strike
2-1: Grounds into double play, 6-4-3 (Groundball, 56D)
Bottom of the 7th over - 0 run(s), 1 hit(s), 0 error(s), 0 left on base; Philadelphia 1776 4 - Capital District 4
TOP OF THE 8TH
Philadelphia 1776 BC batting - Pitching for Capital District Red Knights : LHP Myles Wilkerson
Batting: RHB John Schnatter 0-0: Ball
1-0: Foul Ball, location: 2F
1-1: Foul Ball, location: 2F
1-2: Foul Ball, location: 2F
1-2: Foul Ball, location: 2F
1-2: Foul Ball, location: 2F
1-2: Strikes out swinging
Batting: LHB Manoo Satyavrat 0-0: Called Strike
0-1: Ball
1-1: Swinging Strike
1-2: Ball
2-2: Foul Ball, location: 2F
2-2: Foul Ball, location: 2F
2-2: Foul Ball, location: 2F
2-2: Strikes out swinging
Batting: RHB Fernando Rivera 0-0: Ball
1-0: Ball
2-0: Foul Ball, location: 2F
2-1: Ground out 6-3 (Groundball, 56)
Top of the 8th over - 0 run(s), 0 hit(s), 0 error(s), 0 left on base; Philadelphia 1776 4 - Capital District 4
BOTTOM OF THE 8TH
Capital District Red Knights batting - Pitching for Philadelphia 1776 BC : RHP Elroy Thompkins
Pitching: RHP António Rodríguez
Batting: RHB José Paz 0-0: Swinging Strike
0-1: Ball
1-1: Called Strike
1-2: Strikes out swinging, 2-3 out at first.
Batting: RHB Alfonso Enríquez 0-0: Ball
1-0: Ball
2-0: Ball
3-0: Base on Balls
Batting: RHB Danilo Mosca 0-0: Ball
1-0: Ball
2-0: Grounds into double play, 5-4-3 (Groundball, 5L)
Bottom of the 8th over - 0 run(s), 0 hit(s), 0 error(s), 0 left on base; Philadelphia 1776 4 - Capital District 4
TOP OF THE 9TH
Philadelphia 1776 BC batting - Pitching for Capital District Red Knights : LHP Myles Wilkerson
Pitching: LHP Miguel Toro
Batting: SHB Sam Quint 0-0: Called Strike
0-1: Ball
1-1: Ball
2-1: Foul Ball, location: 2F
2-2: Strikes out swinging
Pinch Hitting: RHB Nathan Horton 0-0: Ball
1-0: Ball
2-0: Foul Ball, location: 2F
2-1: Swinging Strike
2-2: Foul Ball, location: 2F
2-2: Strikes out swinging
Batting: SHB Jesús Cabañe 0-0: SINGLE (Line Drive, 9S)
Batting: RHB Patrizio Vanali 0-0: Ball
1-0: Ball
2-0: Foul Ball, location: 2F
2-1: Foul Ball, location: 2F
2-2: Ball
3-2: Base on Balls
Jesús Cabañe to second
Batting: RHB Keith MacKey 0-0: Ground out 1-3 (Groundball, 13)
Top of the 9th over - 0 run(s), 1 hit(s), 0 error(s), 2 left on base; Philadelphia 1776 4 - Capital District 4
BOTTOM OF THE 9TH
Capital District Red Knights batting - Pitching for Philadelphia 1776 BC : RHP António Rodríguez
Now in RF: Héctor Torres
Batting: LHB Marcos Deleón 0-0: Called Strike
0-1: Ball
1-1: Ball
2-1: Ball
3-1: Base on Balls
Pinch Hitting: RHB Brandon Cole 0-0: Bunted foul
0-1: Sac Bunt - play at first, batter OUT! 2-4
Marcos Deleón to second
Batting: RHB Sergio Ortíz 0-0: Intentional Walk
Batting: LHB Francisco Sánchez 0-0: Called Strike
0-1: Ball
1-1: Called Strike
Marcos Deleón steals 3rd base
Sergio Ortíz to second
1-2: Intentional Walk
Batting: RHB Arnold Giroux 0-0: SINGLE (Line Drive, 6D)
Marcos Deleón scores
Thursday, August 31st, 2017 - OOTP Baseball 17.12 Build 75